 Dungeon Crawl Stone Soup version 0.31-a0-237-g2d982f9f85 (webtiles) character file.

Game seed: 1129800936304286235

129 qw the Shooter (level 4, 0/37 HPs)
             Began as a Minotaur Hexslinger on July 11, 2023.
             Slain by an orc wizard
             ... wielding a +0 dagger
              (3 damage)
             ... on level 4 of the Dungeon.
             The game lasted 00:00:29 (1439 turns).

qw the Shooter (Minotaur Hexslinger)                Turns: 1439, Time: 00:00:29

Health: 0/37       AC:  8    Str: 12    XL:     4   Next: 88%
Magic:  4/4        EV: 11    Int: 10    God:
Gold:   93         SH:  0    Dex: 15    Spells: 4/5 levels left

rFire   . . .        Y - +1 sling
rCold   . . .        (no shield)
rNeg    . . .        g - +3 ring mail
rPois   .            (helmet restricted)
rElec   .            (no cloak)
rCorr   .            (no gloves)
SInv    .            (no boots)
Will    .....        (no amulet) Stlth
                     (no ring)
HPRegen 0.26/turn    (no ring)
MPRegen 0.09/turn

%: no passive effects
@: confused
A: horns 2, retaliatory headbutt
a: no special abilities


You were on level 4 of the Dungeon.
You visited 1 branch of the dungeon, and saw 3 of its levels.

You collected 93 gold pieces.


Innate Abilities, Weirdness & Mutations

You have a pair of horns on your head.
You reflexively headbutt those who attack you in melee.


   Skills:
 - Level 2.4 Fighting
 + Level 4.7 Ranged Weapons
 - Level 2.0 Armour
 - Level 2.1 Dodging
 - Level 1.0 Spellcasting
 - Level 2.0 Hexes


You had 4 spell levels left.
You knew the following spells:

 Your Spells              Type           Power      Damage    Failure   Level
a - Slow                  Hex            16%        N/A       32%         1

Your spell library contained the following spells:

 Spells                   Type           Power      Damage    Failure   Level
 Inner Flame              Hex/Fire       2%         N/A       83%         3
 Portal Projectile        Hex/Tloc       4%         N/A       83%         3
 Cause Fear               Hex            2%         N/A       97%         4

Inventory:

Hand Weapons
 Y - a +1 sling (weapon)
Armour
 g - a +3 ring mail (worn)
Scrolls
 a - a scroll of immolation
 c - a scroll of vulnerability {unknown}
Potions
 b - a potion of degeneration {unknown}

Dungeon Overview and Level Annotations

Branches:
Dungeon (2/15)

Altars:


Message History

The magic dart hits you.
An orc wizard comes into view. It is wielding a +0 dagger.
The orc wizard shouts!
An orc priest comes into view. It is wielding a +0 club.
The orc priest shouts!
The orc wizard casts a spell.
The orc wizard flickers and vanishes!
Deactivating autopickup; reactivate with Ctrl-A.
You feel less confused.
The orc wizard gestures at you while chanting.
You are confused.
The orc wizard hits you but does no damage.
Something hits you but does no damage.
The orc priest begins to cast a cantrip, but forgets the words!
Something hits you. The orc wizard completely misses you.
You feel less confused. Something hits you.
The orc wizard points at you and mumbles some strange words.
You are confused.
The orc priest hits you with a +0 club.
You hear some strange, mumbled words.
A puff of flame appears from out of thin air!
The puff of flame hits you!
The orc priest mumbles some strange prayers to Beogh against you.
Beogh smites you!
The orc wizard hits you with a +0 dagger.
Something hits you but does no damage.
The orc wizard points at you and mumbles some strange words.
The puff of flame misses you. The orc priest hits you with a +0 club.
Something hits you but does no damage.
The orc priest hits you but does no damage.
The orc wizard gestures at you while chanting.
You resist with some effort.
You hear some strange, mumbled words.
A puff of flame appears from out of thin air!
The puff of flame hits you but does no damage.
The orc wizard barely misses you. The orc priest closely misses you.
Something hits you but does no damage.
The orc wizard hits you with a +0 dagger.
You die...

... ## #.# ... .. #.#
... #. #.# #.# #. #.#
#.# #. #.# #.# #. #.#
#.# #.##.###.##########
####{@..)........>....
......oo..########.#####
########### #.# #.# #.#
#.# #.# ##############
#.# #............# #.#


You could see an orc priest and an orc wizard.

Vanquished Creatures
  2 hounds (D:4)
  An iguana (D:4)
  2 adders (D:2)
  A worm (D:2)
  An orc (D:4)
  3 ball pythons (D:1)
  A goblin (D:4)
  5 hobgoblins
  A quokka (D:4)
  2 bats
  2 frilled lizards
  5 kobolds
26 creatures vanquished.

Notes
Turn   | Place    | Note
-------+----------+-------------------------------------------
     0 | D:1      | qw the Minotaur Hexslinger began the quest for the Orb.
     0 | D:1      | Reached XP level 1. HP: 16/16 MP: 1/1
     0 | D:1      | 0 ||| qw: Version: 0.3-a-52-g30416fa
     0 | D:1      | 0 ||| qw: Game counter: 5669
     0 | D:1      | 0 ||| qw: Melee chars always use a shield: true
     0 | D:1      | 0 ||| qw: God list: Okawaru
     0 | D:1      | 0 ||| qw: Allow faded altars: false
     0 | D:1      | 0 ||| qw: Do Orc after clearing Dungeon:15 true
     0 | D:1      | 0 ||| qw: Do second Lair branch before Depths: true
     0 | D:1      | 0 ||| qw: Lair rune preference: random
     0 | D:1      | 0 ||| qw: Goals: Normal
     0 | D:1      | 0 ||| PLANNING D:1-11
   279 | D:1      | Reached skill level 3 in Ranged Weapons
   279 | D:1      | Reached XP level 2. HP: 23/23 MP: 2/2
   841 | D:1      | 841 ||| UPGRADING to +0 leather armour.
   851 | D:1      | 851 ||| DROPPING +0 robe.
   852 | D:1      | 852 ||| UPGRADING to +3 ring mail.
   862 | D:1      | 862 ||| DROPPING +0 leather armour.
   863 | D:1      | 863 ||| READING scroll labelled LEWIGA GAWO.
   864 | D:1      | 864 ||| READING scroll labelled OBREUS EVVI.
   865 | D:1      | 865 ||| READING scroll labelled LESKERCHEAMO.
   866 | D:1      | 866 ||| DROPPING scroll of poison.
  1027 | D:2      | Reached XP level 3. HP: 22/30 MP: 3/3
  1028 | D:2      | 1028 ||| FLEEEEING.
  1093 | D:2      | Found a faded altar of an unknown god.
  1213 | D:2      | You fall into a shaft and drop 2 floors!
  1297 | D:4      | Reached skill level 4 in Ranged Weapons
  1297 | D:4      | Reached XP level 4. HP: 37/37 MP: 4/4
  1435 | D:4      | HP: 4/37 [orc priest/divine providence (16)]
  1439 | D:4      | Slain by an orc wizard

Levels and vault maps discovered:
D:1:      nicolae_arrival_somewhat_less_tricky_arrival, layout_basic
D:2:      layout_basic, hellmonk_ecumenical_altar_blasted
D:4:      layout_loops_ring, temple_fountains, serial_shops, shop,
          minmay_misc_feat_encased, kennysheep_generic_room_16

Skill      XL: |  1  2  3  4 |
---------------+-------------+-----
Ranged Weapons | 3 4 |  4.7
Fighting       | 2 |  2.4
Armour         | 2 |  2.0
Dodging        | |  2.1
Spellcasting   | |  1.0
Hexes          | |  2.0

Action                     |  1- 3 |  4- 6 || total
---------------------------+-------+-------++-------
   Fire: Sling             |    70 |    15 ||    85
    Use: Scroll            |     3 |       ||     3
 Armour: Robe              |     4 |       ||     4
         Ring mail         |     8 |    11 ||    19
  Dodge: Dodged            |    22 |    11 ||    33

Table legend:
 A = Non-vault XP
 B = Vault XP
 C = Vault XP percentage of total XP
 D = Non-vault monster count
 E = Vault monster count
 F = Vault count percentage of total count
                 A         B        C        D         E       F
            +---------+---------+-------+---------+---------+-------
      Total |     105 |      80 |  43.2 |      23 |       3 |  11.5
            +---------+---------+-------+---------+---------+-------
        D:1 |      19 |       0 |   0.0 |      11 |       0 |   0.0
        D:2 |      37 |       0 |   0.0 |       8 |       0 |   0.0
        D:4 |      49 |      80 |  62.0 |       4 |       3 |  42.9
            +---------+---------+-------+---------+---------+-------
